 Dungeon Crawl Stone Soup version 0.26-a0-1020-ge47f559bc5 (webtiles) character file.

Game seed: 18395715312432159236

72 Ijustatesigmund the Chopper (level 4, -7/31 HPs)
             Began as an Octopode Fighter on Dec 8, 2020.
             Mangled by Sigmund
             ... wielding a +0 scythe
              (12 damage)
             ... on level 2 of the Dungeon.
             The game lasted 00:01:30 (1501 turns).

Ijustatesigmund the Chopper (Octopode Fighter)      Turns: 1501, Time: 00:01:30

Health: -7/31      AC:  1    Str: 15    XL:     4   Next: 26%
Magic:  4/4        EV: 11    Int: 10    God:
Gold:   69         SH:  8    Dex: 12    Spells: 3/3 levels left

rFire    . . .     SeeInvis .   a - +0 war axe
rCold    . . .     Faith    .   b - +0 kite shield
rNeg     . . .     Spirit   .   (helmet restricted)
rPois    .         Reflect  .   (no amulet)
rElec    .         Harm     .   (no ring)
rCorr    .         Rampage  .   (no ring)
Will     .....                  (no ring)
Stlth    ++........             (no ring)
HPRegen  0.10/turn              (no ring)
MPRegen  0.09/turn              (no ring)
                                (no ring)
                                (no ring)

@: no status effects
A: almost no armour, stealthy swim, amphibious, 8 rings, constrict 8, camouflage
1, gelatinous body 1
a: no special abilities


You were on level 2 of the Dungeon.
You visited 1 branch of the dungeon, and saw 2 of its levels.

You collected 69 gold pieces.

Inventory:

Hand Weapons
 a - a +0 war axe (weapon)
Armour
 b - a +0 kite shield (worn)
Jewellery
 d - a cursed ring of teleportation {unknown}
Scrolls
 f - a scroll of fear {unknown}
 g - 3 scrolls of identify {unknown}
 h - 2 scrolls of teleportation {unknown}
 j - a scroll of magic mapping {unknown}
 l - a scroll of enchant weapon {unknown}
 m - a scroll of remove curse {unknown}
Potions
 c - a potion of might
 e - 2 potions of curing {unknown}
 i - a potion of haste {unknown}
 k - 2 potions of mutation {unknown}


   Skills:
 - Level 3.0 Fighting
 + Level 4.4 Axes
 - Level 3.0 Dodging
 - Level 3.0 Shields


You had 3 spell levels left.
You didn't know any spells.
Your spell library was empty.

Dungeon Overview and Level Annotations

Branches:
Dungeon (2/15)

Altars:
Nemelex Xobeh

Annotations:
D:2 Sigmund


Innate Abilities, Weirdness & Mutations

You cannot wear most types of armour.
You are very stealthy in the water. (Stealth+)
You are amphibious.
You can wear up to eight rings at the same time.
You can use your tentacles to constrict eight enemies at once.
Your skin changes colour to match your surroundings (Stealth+).
Your rubbery body absorbs attacks. (AC +1, EV +1)


Message History

No target in view!
No target in view!
No target in view!
No target in view!
No target in view!
No target in view!
No target in view!
No target in view!
No target in view!
No target in view!
No target in view!
No target in view!
You slash something! You squeeze something. Something hits you!
You closely miss something.
You hear some strange, mumbled words.
A puff of flame appears from out of thin air!
The puff of flame hits you!
* * * LOW HITPOINT WARNING * * *
You closely miss something. Something hits you!
You die...

#...... ##....... #....#
#.......
#######....######.......
........................
........[............#..
.....................#..
.....................+..
......†..........#####..
......{@..######## #..
..........# #..
...$......# ###..
..........# #....
..........# #....
########### #.... #....
#.... #....


There were no monsters in sight!

Vanquished Creatures
  A bullfrog skeleton (D:2)
  An ooze (D:1)
  A dart slug (D:1)
  2 giant cockroaches (D:1)
  5 goblins
  7 hobgoblins
  6 kobolds
  A quokka (D:2)
  3 bats
  2 frilled lizards
  7 rats
36 creatures vanquished.

Notes
Turn   | Place    | Note
-------+----------+-------------------------------------------
     0 | D:1      | Ijustatesigmund the Octopode Fighter began the quest for
                  | the Orb.
     0 | D:1      | Reached XP level 1. HP: 16/16 MP: 1/1
   150 | D:1      | Reached XP level 2. HP: 21/21 MP: 2/2
   289 | D:1      | Reached skill level 3 in Axes
   764 | D:1      | Reached XP level 3. HP: 26/26 MP: 3/3
   984 | D:2      | Reached skill level 4 in Axes
   984 | D:2      | Reached XP level 4. HP: 18/31 MP: 4/4
  1240 | D:2      | Found a sparkling altar of Nemelex Xobeh.
  1492 | D:2      | Noticed Sigmund
  1501 | D:2      | Mangled by Sigmund

Illustrated notes

Levels and vault maps discovered:
D:1:      minmay_arrival_shattered_statue, layout_loops_ring
D:2:      layout_basic, nemelex_xobeh_ov_fountains_minmay,
          minmay_misc_feat_rows, grunt_decor_mini_mirrors, uniq_sigmund

Skill      XL: |  1  2  3 |
---------------+----------+-----
Axes           | 3 4 |  4.4
Fighting       | |  3.0
Dodging        | |  3.0
Shields        | |  3.0

Action                   |  1- 3 |  4- 6 || total
-------------------------+-------+-------++-------
Melee: War axe           |    43 |    26 ||    69
       Constrict         |    10 |     2 ||    12
       Tentacles         |     8 |     4 ||    12
 Stab: Sleeping          |     5 |     1 ||     6
Armor: Skin              |     3 |     6 ||     9
Dodge: Dodged            |    14 |     8 ||    22
Block: Kite shield       |    10 |     8 ||    18

Table legend: (Time is in decaauts)
 A = Elapsed time spent in this place.
 B = Non-inter-level travel time spent in this place.
 C = Inter-level travel time spent in this place.
 D = Time resting spent in this place.
 E = Time spent auto-exploring this place.
 F = Levels seen in this place.
 G = Mean time per level.
                   A        B        C        D        E       F      G
               +--------+--------+--------+--------+--------+-----+--------+
         Total |   1529 |   1506 |     23 |    284 |    985 |   2 |  764.5 |
       Dungeon |   1529 |   1506 |     23 |    284 |    985 |   2 |  764.5 |
               +--------+--------+--------+--------+--------+-----+--------+

Top non-repeatable levels by time:
     D:1: 981 daAuts
     D:2: 548 daAuts
